 Dungeon Crawl Stone Soup version 0.28-a0-932-g843f935a50 (webtiles) character file.

Game seed: 18437858262616144642

22 miscthings the Charlatan (level 2, -2/23 HPs)
             Began as a Gnoll Artificer on Nov 28, 2021.
             Slain by a hobgoblin (4 damage)
             ... on level 2 of the Dungeon.
             The game lasted 00:01:18 (1256 turns).

miscthings the Charlatan (Gnoll Artificer)          Turns: 1256, Time: 00:01:19

Health: -2/23      AC:  3    Str: 11    XL:     2   Next: 91%
Magic:  2/2        EV: 12    Int: 10    God:
Gold:   18         SH:  0    Dex: 12    Spells: 2/2 levels left

rFire   . . .      SeeInvis .   g - +0 short sword (freeze)
rCold   . . .      Faith    .   (no shield)
rNeg    . . .      Spirit   .   b - +0 leather armour
rPois   .          Reflect  .   (no helmet)
rElec   .          Harm     .   (no cloak)
rCorr   .          Rampage  .   (no gloves)
Will    .....                   (no boots)
Stlth   ++........              (no amulet)
HPRegen 0.07/turn               (no ring)
MPRegen 0.08/turn               (no ring)

@: no status effects
A: fangs 1, strong nose, distributed training
a: no special abilities


You were on level 2 of the Dungeon.
You visited 1 branch of the dungeon, and saw 2 of its levels.

You collected 18 gold pieces.

Inventory:

Hand Weapons
 a - a +0 club
 g - a +0 short sword of freezing (weapon)
Armour
 b - a +0 leather armour (worn)
Wands
 c - a wand of flame (15) (quivered)
 d - a wand of charming (15)
Scrolls
 f - a scroll of immolation {unknown}
 h - a scroll of magic mapping {unknown}
 k - a scroll of identify {unknown}
 l - 2 scrolls of summoning {unknown}
 m - a scroll of amnesia {unknown}
Potions
 i - 2 potions of magic {unknown}
 j - a potion of might {unknown}
 n - a potion of haste {unknown}
Miscellaneous
 e - a piece from Xom's chessboard (15/15)


   Skills:
 + Level 2.5 Fighting
 + Level 0.5 Short Blades
 + Level 0.5 Long Blades
 + Level 0.5 Axes
 + Level 0.5 Maces & Flails
 + Level 0.5 Polearms
 + Level 0.5 Staves
 + Level 0.5 Slings
 + Level 0.5 Bows
 + Level 0.5 Crossbows
 + Level 0.5 Throwing
 + Level 4.5 Armour
 + Level 2.5 Dodging
 + Level 2.3 Stealth
 + Level 0.5 Shields
 + Level 0.5 Unarmed Combat
 + Level 0.5 Spellcasting
 + Level 0.4 Conjurations
 + Level 0.4 Hexes
 + Level 0.4 Summonings
 + Level 0.4 Necromancy
 + Level 0.4 Translocations
 + Level 0.4 Transmutations
 + Level 0.4 Fire Magic
 + Level 0.4 Ice Magic
 + Level 0.4 Air Magic
 + Level 0.4 Earth Magic
 + Level 0.4 Poison Magic
 + Level 0.7 Invocations
 + Level 6.5 Evocations


You had 2 spell levels left.
You didn't know any spells.
Your spell library contained the following spells:

 Spells                   Type           Power      Damage    Failure   Level
 Ensorcelled Hibernation  Hex/Ice        2%         N/A       52%         2
 Tukima's Dance           Hex            1%         N/A       75%         3


Dungeon Overview and Level Annotations

Branches:
Dungeon (2/15)

Altars:


Innate Abilities, Weirdness & Mutations

You have very sharp teeth.
Your uncanny sense of smell can sniff out nearby items.
Your experience applies equally to all skills.


Message History

Found 13 gold pieces.
The kobold shouts!
A kobold is nearby!
A hobgoblin comes into view.
The hobgoblin shouts!
The kobold throws a stone.
The stone hits you but does no damage.
The kobold throws a stone.
The stone barely misses you.
Found a ring mail.
The kobold hits you but does no damage.
The hobgoblin hits you but does no damage.
The kobold hits you with a +0 short sword.
Your unstable footing causes you to fumble your attack.
The hobgoblin hits you but does no damage.
The kobold hits you with a +0 short sword.
You hit the hobgoblin. You freeze the hobgoblin.
You bite the hobgoblin, but do no damage.
The hobgoblin is severely wounded.
The hobgoblin hits you.
The kobold hits you with a +0 short sword.
You hit the hobgoblin but do no damage.
The hobgoblin is severely wounded.
The hobgoblin hits you but does no damage.
You closely miss the hobgoblin.
The hobgoblin is severely wounded.
The kobold completely misses you. The hobgoblin hits you.
You are too injured to fight recklessly!
You closely miss the hobgoblin.
The hobgoblin is severely wounded.
The kobold misses you.
The hobgoblin hits you but does no damage.
You hit the hobgoblin but do no damage.
The hobgoblin is severely wounded.
The kobold hits you with a +0 short sword.
* * * LOW HITPOINT WARNING * * *
The hobgoblin hits you.
* * * LOW HITPOINT WARNING * * *
You completely miss the hobgoblin.
You bite the hobgoblin, but do no damage.
The hobgoblin is severely wounded.
The kobold closely misses you. The hobgoblin hits you.
You die...

#...# ################.#.#
.................#.#
##################.# .....#
..#...# .....# #
#.#.#.#######. .....# #.
#.#.##........ .....##
#.#$.#.g.P♣..P.....
........[......P@≈≈≈.......
######## .#..♣.K≈≈♣≈..PP...
####### #....≈.≈≈≈≈...P..
......## #.P..P≈♣≈≈≈≈P.♣..
.[...... ##..P....♣≈≈...P#
...##.#. ...#.....≈≈....P#
.#.# ∆ .##.#.#P.....P##..
.#.# # # #.######......
.#(# .# #. ....


You could see a hobgoblin and a kobold.

Vanquished Creatures
  A bat (D:1)
  2 endoplasms (D:1)
  3 goblins (D:1)
  A hobgoblin (D:1)
  2 quokkas
  A ball python (D:1)
  2 frilled lizards (D:1)
  5 kobolds (D:1)
  4 rats (D:1)
21 creatures vanquished.

Notes
Turn   | Place    | Note
-------+----------+-------------------------------------------
     0 | D:1      | miscthings the Gnoll Artificer began the quest for the Orb.
     0 | D:1      | Reached XP level 1. HP: 17/17 MP: 1/1
   218 | D:1      | Reached XP level 2. HP: 18/23 MP: 2/2
   807 | D:1      | Found a faded altar of an unknown god.
  1256 | D:2      | Slain by a hobgoblin

Illustrated notes

Levels and vault maps discovered:
D:1:      lightli_arrival_lavapool, layout_basic,
          shapermc_ecumenical_altar_hornbeckon, minmay_misc_feat_chi
D:2:      layout_basic, serial_bayou_pond_a

Action                   || total
-------------------------++-------
Melee: Club              ||    39
       Bite              ||     7
       Short sword       ||    34
Evoke: Piece from Xom's  ||     2
 Stab: Paralysed         ||     4
       Sleeping          ||     2
Armor: Leather armour    ||    22
Dodge: Dodged            ||    33

Table legend: (Time is in decaauts)
 A = Elapsed time spent in this place.
 B = Non-inter-level travel time spent in this place.
 C = Inter-level travel time spent in this place.
 D = Time resting spent in this place.
 E = Time spent auto-exploring this place.
 F = Levels seen in this place.
 G = Mean time per level.
                   A        B        C        D        E       F      G
               +--------+--------+--------+--------+--------+-----+--------+
         Total |   1279 |   1278 |      1 |    294 |    771 |   2 |  639.5 |
       Dungeon |   1279 |   1278 |      1 |    294 |    771 |   2 |  639.5 |
               +--------+--------+--------+--------+--------+-----+--------+

Top non-repeatable levels by time:
     D:1: 1135 daAuts
     D:2: 144 daAuts
